 Dungeon Crawl Stone Soup version 0.31-a0-702-gf82c85558f (webtiles) character file.

Game seed: 15048449007297851804

3906 Conn the Conjurer (level 10, -12/56 HPs)
             Began as an Octopode Fire Elementalist on Sept 8, 2023.
             Was a Follower of Sif Muna.
             Mangled by a manticore (13 damage)
             ... on level 10 of the Dungeon.
             The game lasted 00:20:42 (6936 turns).

Conn the Conjurer (Octopode Fire Elementalist)      Turns: 6936, Time: 00:20:42

Health: -12/56     AC:  1    Str:  8    XL:     10   Next: 20%
Magic:  19/19      EV: 15    Int: 21    God:    Sif Muna [*.....]
Gold:   278        SH:  0    Dex: 13    Spells: 8/22 levels left

rFire   . . .        x - +0 dagger (protect)
rCold   . . .        (no shield)
rNeg    + + .        (helmet restricted)
rPois   +            (no amulet)
rElec   .            b - ring of poison resistance
rCorr   .            e - ring of willpower
SInv    +            o - ring of positive energy
Will    +++..        v - ring of willpower
Stlth   ++++         w - ring of see invisible
HPRegen 0.29/turn    f - ring of willpower
MPRegen 0.16/turn    z - ring of positive energy
                     y - ring of wizardry

%: wizardry (x1)
@: no status effects
A: almost no armour, amphibious, 8 rings, camouflage 1, gelatinous body 1,
(nimble swimmer 1), tentacles
a: Renounce Religion, Channel Magic


You were on level 10 of the Dungeon.
You worshipped Sif Muna.
Sif Muna was aware of your devotion.
You visited 2 branches of the dungeon, and saw 10 of its levels.

You collected 428 gold pieces.
You spent 150 gold pieces at shops.

Inventory:

Hand Weapons
 i - a +0 short sword
 x - a +0 dagger of protection (weapon)
Jewellery
 b - a ring of poison resistance (left tentacle)
 e - a ring of willpower (right tentacle)
 f - a ring of willpower (on tentacle)
 o - a ring of positive energy (on tentacle)
 v - a ring of willpower (on tentacle)
 w - a ring of see invisible (on tentacle)
 y - a ring of wizardry (on tentacle)
 z - a ring of positive energy (on tentacle)
Wands
 k - a wand of charming (7)
 n - a wand of polymorph (8)
Scrolls
 q - 6 scrolls of identify
 r - a scroll of vulnerability
 u - 2 scrolls of blinking
Potions
 a - a potion of magic
 c - a potion of resistance
 d - a potion of enlightenment {unknown}
 h - a potion of brilliance
 j - a potion of cancellation
 l - a potion of mutation {unknown}
 m - a potion of degeneration {unknown}
 s - 3 potions of curing
 t - 2 potions of attraction


   Skills:
 + Level 6.1 Dodging
 - Level 6.3 Stealth
 + Level 6.5 Spellcasting
 + Level 6.9 Conjurations
 - Level 3.0 Hexes
 + Level 3.9 Summonings
 + Level 6.4 Fire Magic
 * Level 1.5 Invocations


You had 8 spell levels left.
You knew the following spells:

 Your Spells              Type           Power      Damage    Failure   Level
a - Foxfire               Conj/Fire      100%       2x1d9     1%          1
b - Scorch                Fire           66%        2d7       1%          2
c - Inner Flame           Hex/Fire       26%        N/A       1%          3
d - Flame Wave            Conj/Fire      34%        2d10      2%          4
e - Summon Small Mammal   Summ           92%        N/A       1%          1
f - Summon Guardian Gole  Hex/Summ       21%        N/A       2%          3

Your spell library contained the following spells:

 Spells                   Type           Power      Damage    Failure   Level
 Call Canine Familiar     Summ           23%        N/A       2%          3
 Volatile Blastmotes      Fire/Tloc      40%        2d13      3%          3
 Sting                    Tmut/Pois      24%        1d4       4%          1
 Ignite Poison            Fire/Tmut/Pois 15%        N/A       4%          3
 Cigotuvi's Dreadful Rot  Necr/Pois/Air  12%        N/A       6%          2
 Poisonous Vapours        Pois/Air       12%        N/A       6%          2
 Olgreb's Toxic Radiance  Pois           6%         N/A       34%         4
 Starburst                Conj/Fire      17%        6d6       34%         6
 Freezing Cloud           Conj/Ice/Air   8%         6-21      36%         5
 Plasma Beam              Fire/Air       10%        2x1d21    80%         6
 Malign Gateway           Summ/Tloc      7%         N/A       100%        7
 Summon Horrible Things   Summ           11%        N/A       100%        8


Dungeon Overview and Level Annotations

Branches:
Dungeon (10/15)            Temple (1/1) D:6
   Lair: D:8-11         Orc: D:9-12

Altars:
Cheibriados
Dithmenos
Elyvilon
Fedhas
Gozag
Hepliaklqana
Kikubaaqudgha
Makhleb
Okawaru
Qazlal
Ru
Sif Muna
Trog
Uskayaw
Vehumet
Wu Jian
Xom
Yredelemnul
Zin

Shops:
D:1 (   D:4 [=


Innate Abilities, Weirdness & Mutations

You cannot wear most types of armour.
You are amphibious.
You can wear up to eight rings at the same time.
Your skin changes colour to match your surroundings (Stealth+).
Your rubbery body absorbs attacks. (AC +1, EV +1)
((You are camouflaged when in or above water. (Stealth+)))
You have tentacles for arms and can constrict up to eight enemies at once.


Message History

Okay, then.
The kobold barely misses you.
Casting: Flame Wave (dangerous; 2% risk of failure)
Confirm with . or Enter, or press ? or * to list all spells.
You don't have enough magic to cast this spell.
Okay, then.
It was a potion of ambrosia.
You are confused.
You feel invigorated. The kobold hits you with a +0 dagger.
Okay, then.
Unknown command.
Unknown command.
You're too confused to move!
The kobold completely misses you. The wyvern misses you.
Unknown command.
Unknown command.
Unknown command.
The wyvern misses you. The kobold misses you. The wyvern bites you!
Unknown command.
Unknown command.
Unknown command.
The kobold attacks as it pursues you! The kobold closely misses you.
The kobold attacks as it pursues you! The kobold hits you with a +0 dagger.
You feel much better. The kobold hits you with a +0 dagger.
The wyvern barely misses you.
You miss the wyvern. The wyvern misses you. x2
You hit the wyvern.
Your weapon exudes an aura of protection.
The wyvern is lightly wounded.
The wyvern misses you.
You're too confused to move!
The wyvern misses you. The manticore bites you! The manticore claws you.
The manticore claws you! The wyvern bites you!
* * * LOW HITPOINT WARNING * * *
Okay, then.
Unknown command.
Unknown command.
You feel better.
You feel less invigorated. The manticore bites you!!
* * * LOW HITPOINT WARNING * * *
The manticore claws you!
You die...

. ##### ..
##...# .#
#....# ..#
#@lK.##...##
#.H........+
###..##.).#
#..##)..#
#..)....#
#.......+
+..##...#
#..##...##
#..##....#


You could see a manticore, a wyvern and a kobold.

Vanquished Creatures
  A two-headed ogre (D:9)
  Pikel (D:4)
  A wyvern (D:9)
  2 steam dragons
  Duvessa (D:6)
  A black bear (D:7)
  2 ice beasts (D:6)
  2 ogres
  2 phantoms
  A kobold brigand (D:10)
  A bullfrog (D:7)
  4 scorpions
  3 wights (D:7)
  Dowan (D:6)
  11 killer bees
  2 howler monkeys
  2 orc priests
  A hound (D:4)
  3 iguanas
  3 orc wizards
  A sleepcap (D:6)
  6 adders
  A worm (D:2)
  4 dart slugs
  21 orcs
  6 ball pythons
  8 endoplasms
  8 goblins
  5 hobgoblins
  4 jackals (D:5)
  6 kobolds
  4 quokkas
  9 bats
  6 frilled lizards
  8 rats
  A spectral goblin (D:3)
143 creatures vanquished.

Vanquished Creatures (collateral kills)
  A wight (D:7)
1 creature vanquished.

Vanquished Creatures (others)
  4 killer bees (D:9)
  460 foxfires
464 creatures vanquished.

Grand Total: 608 creatures vanquished

Notes
Turn   | Place    | Note
-------+----------+-------------------------------------------
     0 | D:1      | Conn the Octopode Fire Elementalist began the quest for the
                  | Orb.
     0 | D:1      | Reached XP level 1. HP: 11/11 MP: 3/3
   276 | D:1      | Reached XP level 2. HP: 17/17 MP: 1/5
   540 | D:1      | Found Ixaps's Antique Weapon Emporium.
   823 | D:1      | Reached XP level 3. HP: 21/21 MP: 2/6
   865 | D:1      | Learned a level 2 spell: Scorch
   869 | D:1      | Learned a level 3 spell: Inner Flame
  1873 | D:3      | Found a faded altar of an unknown god.
  1886 | D:3      | Reached XP level 4. HP: 27/27 MP: 4/7
  2018 | D:3      | Found a basalt altar of Yredelemnul.
  2052 | D:3      | Found a blossoming altar of Fedhas.
  2150 | D:3      | Found a glowing silver altar of Zin.
  2163 | D:3      | Found an iron altar of Okawaru.
  2283 | D:3      | Found a white marble altar of Elyvilon.
  2288 | D:3      | Reached XP level 5. HP: 31/31 MP: 3/9
  2342 | D:3      | Found a radiant altar of Vehumet.
  2342 | D:3      | Found a hazy altar of Hepliaklqana.
  2343 | D:3      | Found an opulent altar of Gozag.
  3518 | D:4      | Found Mema Wod's Jewellery Shoppe.
  3520 | D:4      | Bought a ring of see invisible for 150 gold pieces
  3561 | D:4      | Found Wugiyff's Antique Armour Shop.
  3636 | D:5      | Entered Level 5 of the Dungeon
  3644 | D:5      | Reached XP level 6. HP: 20/36 MP: 0/10
  3735 | D:5      | Reached skill level 1 in Hexes
  3911 | D:5      | Found a shadowy altar of Dithmenos.
  4104 | D:5      | Reached skill level 5 in Stealth
  4104 | D:5      | Reached XP level 7. HP: 41/41 MP: 4/11
  4300 | D:5      | Noticed Pikel
  4742 | D:4      | Killed Pikel
  4743 | D:4      | Reached XP level 8. HP: 46/46 MP: 2/13
  4895 | D:5      | Learned a level 4 spell: Flame Wave
  5010 | D:6      | Found a staircase to the Ecumenical Temple.
  5021 | Temple   | Entered the Ecumenical Temple
  5038 | Temple   | Became a worshipper of Sif Muna the Loreminder
  5082 | D:6      | Reached skill level 5 in Fire Magic
  5093 | D:6      | Noticed Dowan
  5094 | D:6      | Noticed Duvessa
  5106 | D:6      | HP: 2/46 [Duvessa/+0 rapier (10)]
  5269 | Temple   | Learned a level 1 spell: Summon Small Mammal
  5273 | Temple   | Learned a level 3 spell: Summon Guardian Golem
  5284 | D:6      | Killed Dowan
  5406 | D:6      | Killed Duvessa
  5407 | D:6      | Reached skill level 1 in Summonings
  5933 | D:6      | Found a sacrificial altar of Ru.
  6049 | D:7      | Reached skill level 5 in Conjurations
  6049 | D:7      | Reached XP level 9. HP: 51/51 MP: 11/16
  6054 | D:7      | Reached skill level 5 in Dodging
  6054 | D:7      | Reached skill level 5 in Spellcasting
  6399 | D:7      | Reached * piety under Sif Muna
  6576 | D:7      | You fall into a shaft and drop 2 floors!
  6664 | D:9      | Noticed a two-headed ogre
  6672 | D:9      | Killed a two-headed ogre
  6878 | D:9      | Reached XP level 10. HP: 48/56 MP: 14/19
  6895 | D:9      | Reached skill level 1 in Invocations
  6899 | D:10     | Entered Level 10 of the Dungeon
  6899 | D:10     | Noticed a manticore
  6936 | D:10     | HP: 1/56 [manticore (23)]
  6936 | D:10     | Mangled by a manticore

Illustrated notes

Levels and vault maps discovered:
D:1:      minmay_arrival_wavy_path, layout_loops_cross, serial_shops,
          nicolae_lakefront_shop, serial_bayou_pond_e, grunt_decor_cap
D:2:      layout_rooms, chequers_avenue
D:3:      layout_loops_cross, lemuel_round_altar, grunt_temple_overflow_open,
          fedhas_altar_3, dreamdust_ecumenical_altar_drowned_temple
D:4:      layout_rooms, serial_shops, nicolae_shop_gaudy_bauble,
          nicolae_shop_just_a_little_nook, mrwooster_statue_mirror
D:5:      layout_rooms, old_standard_altar, uniq_pikel
D:6:      layout_rooms, mainiacjoe_overflow_concentric_impassable,
          temple_pool_b, uniq_duvessa
D:7:      layout_rooms, mainiacjoe_overflow_small_starburst,
          mainiacjoe_overflow_catch_the_wave, minmay_misc_feat_four_crosses,
          minmay_fractal_squares_5
D:9:      layout_long_grid, grunt_lair_entry_orc_guard_hut, minivault_25_ag
D:10:     layout_gridville, uniq_erica
Temple:   hellmonk_temple_beads

Skill      XL: |  1  2  3  4  5  6  7  8  9 10 |
---------------+-------------------------------+-----
Stealth        | 3 4 5 6 |  6.3
Conjurations   | 2 3 5 6 |  6.9
Dodging        | 3 4 5 6 |  6.1
Hexes          | 1 2 3 |  3.0
Spellcasting   | 3 4 6 |  6.5
Fire Magic     | 4 5 6 |  6.4
Summonings     | 1 3 |  3.9
Invocations    | 1 |  1.5

Action                     |  1- 3 |  4- 6 |  7- 9 | 10-12 || total
---------------------------+-------+-------+-------+-------++-------
  Melee: Unarmed           |     2 |       |       |       ||     2
         Constrict         |     2 |    11 |     1 |       ||    14
         Short sword       |     6 |    27 |       |       ||    33
         Tentacles         |     1 |     8 |       |       ||     9
         Dagger            |       |     3 |     2 |     2 ||     7
   Cast: Foxfire           |    73 |    74 |   122 |     6 ||   275
         Inner Flame       |       |     2 |     4 |     1 ||     7
         Scorch            |       |    15 |    26 |     7 ||    48
         Flame Wave        |       |       |     2 |     3 ||     5
         Summon Small Mamm |       |       |     1 |       ||     1
         Summon Guardian G |       |       |     1 |       ||     1
  Evoke: Wand              |       |     1 |     3 |       ||     4
    Use: Scroll            |       |       |     7 |       ||     7
         Potion            |       |       |     6 |     5 ||    11
   Stab: Sleeping          |       |     2 |     1 |       ||     3
 Armour: Skin              |     5 |    20 |    36 |    14 ||    75
  Dodge: Dodged            |    12 |    33 |    25 |    25 ||    95

Table legend: (Time is in decaauts)
 A = Elapsed time spent in this place.
 B = Non-inter-level travel time spent in this place.
 C = Inter-level travel time spent in this place.
 D = Time resting spent in this place.
 E = Time spent auto-exploring this place.
 F = Levels seen in this place.
 G = Mean time per level.
                   A        B        C        D        E       F      G
               +--------+--------+--------+--------+--------+-----+--------+
         Total |   6935 |   6818 |    117 |    811 |   4349 |  10 |  693.5 |
       Dungeon |   6647 |   6530 |    117 |    566 |   4349 |   9 |  738.6 |
        Temple |    288 |    288 |      0 |    245 |      0 |   1 |  288.0 |
               +--------+--------+--------+--------+--------+-----+--------+

Top non-repeatable levels by time:
     D:1: 1143 daAuts
     D:4: 1142 daAuts
     D:3: 1019 daAuts
     D:5: 973 daAuts
     D:2: 775 daAuts
     D:6: 700 daAuts
     D:7: 531 daAuts
     D:9: 322 daAuts
  Temple: 288 daAuts
    D:10: 36 daAuts
